 Dungeon Crawl Stone Soup version 0.22-a0-580-gd5db89c (webtiles) character file.

2388 Amnesiac the Quickloader (level 9, -2/41 HPs)
             Began as a Spriggan Wanderer on July 3, 2018.
             Was a Believer of Okawaru.
             Slain by a killer bee (7 damage)
             ... on level 7 of the Dungeon.
             The game lasted 00:09:43 (8210 turns).

Amnesiac the Quickloader (Spriggan Wanderer)        Turns: 8210, Time: 00:09:44

Health: -2/41      AC:  2    Str: 11 (13) XL:     9   Next: 22%
Magic:  14/14      EV: 24    Int: 10 (11) God:    Okawaru [**....]
Gold:   350        SH:  0    Dex: 15 (16) Spells: 7/8 levels left

rFire    . . .     SeeInvis +   b - +0 hand crossbow
rCold    . . .     Gourm    .   (shield restricted)
rNeg     . . .     Faith    .   d - +0 robe
rPois    .         Spirit   .   (helmet restricted)
rElec    .         Reflect  .   (no cloak)
rCorr    .         Harm     .   (gloves unavailable)
MR       +....                  (boots unavailable)
Stlth    +++.......             (no amulet)
HPRegen  0.13/turn              (no ring)
MPRegen  0.14/turn              (no ring)

@: heroism, very quick
A: very small, unfitting armour, antennae 1, see invisible, herbivore, speed 3,
slow metabolism 2, evolution 1
a: Heroism, Renounce Religion


You were on level 7 of the Dungeon.
You worshipped Okawaru.
Okawaru was pleased with you.
You were not hungry.

You visited 2 branches of the dungeon, and saw 8 of its levels.
You also visited: Ossuary.

You collected 350 gold pieces.

Inventory:

Hand Weapons
 a - a +2 hand axe
 b - a +0 hand crossbow (weapon)
 y - a +0 lajatang
Missiles
 c - 12 bolts (quivered)
 z - 6 curare-tipped needles
Armour
 d - a +0 robe (worn)
 u - a +0 cloak
Jewellery
 l - an uncursed ring of fire
 v - an uncursed ring of stealth {unknown}
 C - a cursed ring of teleportation {unknown}
Wands
 r - a wand of paralysis (29)
 x - a wand of acid (2)
 D - a wand of iceblast (2)
 E - a wand of digging (16)
Scrolls
 h - a scroll of random uselessness {!r, unknown}
 i - 6 scrolls of enchant weapon {!r, unknown}
 j - 3 scrolls of amnesia {!r, unknown}
 k - 5 scrolls of teleportation {!r, unknown}
 m - 5 scrolls of enchant armour {!r, unknown}
 n - 10 scrolls of identify {!r, unknown}
 p - 3 scrolls of magic mapping {!r, unknown}
 w - a scroll of noise {!r, unknown}
 A - 3 scrolls of remove curse {!r, unknown}
 B - 3 scrolls of fog {!r, unknown}
 G - a scroll of vulnerability {!r, unknown}
 H - a scroll of immolation {!r, unknown}
 K - 2 scrolls of blinking {!r, unknown}
 L - a scroll of fear {!r, unknown}
Potions
 e - 4 potions of mutation {!q}
 g - 2 potions of degeneration {!q}
 o - 2 potions of magic {!q}
 q - 2 potions of curing {!q}
 s - a potion of haste {!q, unknown}
 t - a potion of agility {!q, unknown}
 F - a potion of flight {!q, unknown}
 I - a potion of heal wounds {!q, unknown}
 J - 2 potions of lignification {!q, unknown}
Comestibles
 f - 14 rations


   Skills:
 - Level 1.5(6.5) Fighting
 - Level 2.4(7.4) Axes
 - Level 10.0(15.0) Crossbows
 - Level 4.4(9.4) Dodging
 - Level 1.5(6.5) Stealth
 * Level 6.1 Invocations
 + Level 4.7 Evocations


You had 7 spell levels left.
You knew the following spells:

 Your Spells              Type           Power        Failure   Level  Hunger
a - Summon Small Mammal   Summ           #...         36%         1    ##.....

Your spell library contained the following spells:

 Spells                   Type           Power        Failure   Level  Hunger
 Summon Ice Beast         Ice/Summ       #.......     98%         4    #####..
 Call Imp                 Summ           #.......     50%         2    ###....
 Call Canine Familiar     Summ           #.......     75%         3    ####...
 Summon Lightning Spire   Summ/Air       #.......     98%         4    #####..
 Summon Guardian Golem    Hex/Summ       #.......     75%         3    ####...


Dungeon Overview and Level Annotations

Branches:
Dungeon (7/15)             Temple (1/1) D:4

Altars:
Ashenzari
Dithmenos
Gozag
Makhleb
Nemelex Xobeh
Okawaru
Qazlal
Uskayaw
Wu Jian
Yredelemnul
The Shining One


Innate Abilities, Weirdness & Mutations

You are very small and have problems with some larger weapons.
You are too small for most types of armour.
You have supernaturally acute eyesight. (SInv)
You are a herbivore.
You cover ground extremely quickly.
You need to consume almost no food.
You have a pair of small antennae on your head.
You evolve.


Message History

The killer bee misses you. x2
Firing (i - inventory)
c - 17 bolts (quivered)
Press: ? - help, Shift-Dir - straight line, f/p - killer bee
Aim: a killer bee (heavily wounded)
You shoot a bolt. The bolt misses the killer bee.
The bolt hits the killer bee.
You kill the killer bee!
Okawaru accepts your kill.
Your Invocations skill increases to level 6!
The killer bee closely misses you. The killer bee misses you.
Firing (i - inventory)
c - 16 bolts (quivered)
Press: ? - help, Shift-Dir - straight line, f/p - killer bee
Aim: a killer bee (heavily wounded)
You shoot a bolt. The bolt misses the killer bee.
The bolt hits the killer bee.
The killer bee is heavily wounded.
The killer bee stings you. The killer bee stings you!
* * * LOW HITPOINT WARNING * * *
You are poisoned.
The killer bee poisons you!
Firing (i - inventory)
c - 15 bolts (quivered)
Press: ? - help, Shift-Dir - straight line, f/p - killer bee
Aim: a killer bee (heavily wounded)
You shoot a bolt. The bolt barely misses the killer bee.
The bolt hits the killer bee.
The killer bee is severely wounded.
You feel sick. The killer bee closely misses you.
The killer bee completely misses you.
Firing (i - inventory)
c - 14 bolts (quivered)
Press: ? - help, Shift-Dir - straight line, f/p - killer bee
Aim: a killer bee (moderately wounded)
You shoot a bolt. The bolt misses the killer bee.
The bolt hits the killer bee!
You kill the killer bee!
Okawaru accepts your kill.
You feel sick. The killer bee closely misses you.
The killer bee completely misses you.
Firing (i - inventory)
c - 13 bolts (quivered)
Press: ? - help, Shift-Dir - straight line, f/p - killer bee
Aim: a killer bee (moderately wounded)
You shoot a bolt.
The bolt barely misses the killer bee. x2
The bolt hits the killer bee!
The killer bee is heavily wounded.
You feel sick. The killer bee misses you. The killer bee stings you!
* * * LOW HITPOINT WARNING * * *
You are too injured to fight recklessly!
Really quaff
q - 3 metallic emerald potions {!q}?
It was a potion of curing {!q}.
You feel better. The killer bee stings you.
* * * LOW HITPOINT WARNING * * *
The killer bee completely misses you.
Really quaff
e - 5 fizzy silvery potions {!q}?
It was a potion of mutation {!q}.
You feel extremely strange. A pair of antennae grows on your head!
You feel nature experimenting on you.
Don't worry, failures die fast.
The killer bee barely misses you. The killer bee closely misses you.
A killer bee comes into view.
Really quaff
g - 3 viscous brown potions {!q}?
It was a potion of degeneration {!q}.
There was something very wrong with that liquid.
You feel weakened.
You feel dopey.
You feel clumsy. The killer bee stings you!
* * * LOW HITPOINT WARNING * * *
The killer bee completely misses you.
Really quaff
o - 3 glowing emerald potions {!q}?
It was a potion of magic {!q}.
Magic courses through your body. The killer bee completely misses you.
The killer bee stings you!
You die...

#.......#.###.#
#####.........#
#####.#####
########.#####
#............#
#.####.###.#.#####
#####.####.# #........
#..........###.#.###.#
#.###@###......#.# #y#
##.....#.#
#y####.......#
#y.......###.#
#..yy..(.#####.# .#
#.....##.# #.# ..
##.$.# .# ##'## ##
#### .# ##...##
.###.....## #


You could see 3 killer bees.

Vanquished Creatures
  3 orc warriors (D:6)
  A sky beast (D:6)
  4 ogres
  A necrophage (D:6)
  The ghost of TheNamelessOne the Skirmisher, an amateur HuAK of Lugonu (D:3)
  2 centaurs
  3 bullfrogs
  A gnoll sergeant (D:6)
  A scorpion (D:4)
  2 killer bees (D:7)
  2 howler monkeys (D:6)
  A crimson imp (D:5)
  2 bullfrog zombies (D:6)
  A hound (D:4)
  A centaur skeleton (D:7)
  An iguana (D:7)
  9 orc wizards
  A worker ant (D:6)
  A hound zombie (D:7)
  2 hound skeletons (D:6)
  12 mummies (Ossuary)
  5 gnolls (D:6)
  A howler monkey skeleton (D:4)
  4 adders
  2 shadow imps (D:6)
  2 oozes (D:3)
  An adder skeleton (D:6)
  A worm (D:3)
  2 dart slugs (D:3)
  2 leopard geckos (D:2)
  23 orcs
  6 bats
  3 giant cockroaches
  5 goblins
  8 hobgoblins
  9 jackals
  A quokka (D:3)
  8 frilled lizards
  3 goblin skeletons (Ossuary)
  5 kobolds
  2 kobold skeletons (Ossuary)
  A leopard gecko skeleton (D:4)
  3 orc skeletons (Ossuary)
  2 quokka skeletons (D:4)
  7 rats
  11 rat skeletons (Ossuary)
169 creatures vanquished.

Notes
Turn   | Place    | Note
-------+----------+-------------------------------------------
     0 | D:1      | Amnesiac the Spriggan Wanderer began the quest for the Orb.
     0 | D:1      | Amnesiac set off with: a +2 hand axe, a +0 hand crossbow, 25 bolts, a +0 robe, a ration
     0 | D:1      | Reached XP level 1. HP: 10/10 MP: 3/3
    71 | D:1      | Reached skill level 1 in Crossbows
   189 | D:1      | Reached XP level 2. HP: 14/14 MP: 4/4
   308 | D:1      | Reached skill level 2 in Crossbows
   496 | D:2      | Found a burning altar of Makhleb.
   918 | D:2      | Found a basalt altar of Yredelemnul.
   926 | D:2      | Reached XP level 3. HP: 17/18 MP: 5/5
  1102 | D:2      | Reached skill level 3 in Crossbows
  1417 | D:3      | Reached skill level 4 in Crossbows
  1417 | D:3      | Reached XP level 4. HP: 18/22 MP: 6/6
  1653 | D:3      | Found a runed gate.
  1654 | D:3      | Noticed TheNamelessOne's ghost (amateur HuAK)
  1655 | D:3      | Found a runed gate.
  1655 | D:3      | Found a runed gate.
  1762 | D:3      | Reached XP level 5. HP: 24/25 MP: 7/7
  1814 | D:3      | Reached skill level 5 in Crossbows
  2163 | D:3      | Found a shadowy altar of Dithmenos.
  2427 | D:3      | You fall through a shaft for 3 floors!
  2501 | D:5      | Entered Level 5 of the Dungeon
  2501 | D:5      | Noticed an ogre
  2519 | D:5      | Killed an ogre
  2519 | D:5      | Reached skill level 6 in Crossbows
  2519 | D:5      | Reached XP level 6. HP: 26/30 MP: 8/8
  2563 | D:5      | Found an opulent altar of Gozag.
  2571 | D:4      | Found a glowing golden altar of the Shining One.
  2682 | D:4      | Reached skill level 7 in Crossbows
  3073 | D:3      | Killed TheNamelessOne's ghost
  3073 | D:3      | Reached XP level 7. HP: 28/33 MP: 9/9
  3363 | D:4      | Learned a level 1 spell: Summon Small Mammal
  3384 | D:4      | Found a staircase to the Ecumenical Temple.
  3418 | Temple   | Entered the Ecumenical Temple
  3469 | Temple   | Became a worshipper of Warmaster Okawaru
  3539 | D:4      | Reached skill level 8 in Crossbows
  3903 | D:4      | Found a hide-covered altar of Uskayaw.
  3993 | D:5      | Found a sparkling altar of Nemelex Xobeh.
  4754 | D:6      | Reached skill level 9 in Crossbows
  4754 | D:6      | Reached XP level 8. HP: 33/37 MP: 10/10
  4892 | D:6      | Reached * piety under Okawaru
  5207 | D:6      | Reached skill level 10 in Crossbows
  5224 | D:6      | Reached skill level 1 in Invocations
  5632 | D:6      | Found a stormy altar of Qazlal.
  5633 | D:6      | Found an ornate altar of the Wu Jian Council.
  5983 | D:6      | Reached ** piety under Okawaru
  6003 | D:6      | Reached skill level 5 in Invocations
  6288 | D:6      | Found a burning altar of Makhleb.
  6638 | D:6      | Reached XP level 9. HP: 41/41 MP: 13/13
  6680 | D:6      | Found an ornate altar of the Wu Jian Council.
  6681 | D:6      | Found a stormy altar of Qazlal.
  6978 | D:6      | Found a burning altar of Makhleb.
  7301 | D:7      | Found a sand-covered staircase.
  7306 | Ossuary  | Entered an ossuary
  8208 | D:7      | Gained mutation: You have a pair of small antennae on your head. [potion of mutation]
  8208 | D:7      | Gained mutation: You evolve. [potion of mutation]
  8210 | D:7      | Slain by a killer bee

Vault maps used:
D:1:      lemuel_arrival_rhombus
D:2:      lemuel_crystal_altar, yredelemnul_altar_generic, serial_forest,
          infiniplex_forest_clump_medium, infiniplex_forest_zigzag_2,
          infiniplex_forest_lined_3, infiniplex_forest_clump_curved,
          infiniplex_forest_clump_diagonal
D:3:      minmay_wonky_spiral, lemuel_crystal_altar, ebering_ghost_rock_garden
D:4:      lemuel_round_altar, kennysheep_mini,
          minmay_temple_entry_enclosed_plants
D:5:      lemuel_crystal_altar, basic_altar, first_ration
D:6:      grunt_temple_overflow_open, makhleb_blood_cavern_becter
D:7:      lemuel_coloured_pillars_altar, gammafunk_temple_overflow_elements,
          enter_ossuary_3
Temple:   minmay_temple_curvy_loop
Ossuary:  ossuary_due_small_catacomb

Skill      XL: |  1  2  3  4  5  6  7  8  9 |
---------------+----------------------------+-----
Crossbows      | 1 2 4 6 7 9 10 | 10.0
Invocations    | 5 6 |  6.1
Evocations     | 3 4 |  4.7
Fighting       | |  1.5
Axes           | |  2.4
Dodging        | |  4.4
Stealth        | |  1.5

Action                   |  1- 3 |  4- 6 |  7- 9 || total
-------------------------+-------+-------+-------++-------
Melee: Hand axe          |    81 |       |    83 ||   164
 Fire: Hand crossbow     |    12 |   134 |   294 ||   440
Invok: Heroism           |       |       |     1 ||     1
Evoke: Wand              |       |       |    12 ||    12
  Use: Potion            |       |       |     4 ||     4
 Stab: Sleeping          |     2 |       |     3 ||     5
  Eat: Ration            |       |       |     3 ||     3
Armor: Robe              |     5 |     2 |     8 ||    15
Dodge: Dodged            |    82 |    44 |   190 ||   316

Table legend:
 A = Spawn XP
 B = Non-spawn XP
 C = Spawn XP percentage of total XP
 D = Spawn monster count
 E = Non-spawn monster count
 F = Spawn count percentage of total count
 G = Total turns spent on level
                    A         B        C        D         E        F      G
               +---------+---------+-------+---------+---------+-------+---------
         Total |       0 |    3412 |   0.0 |       0 |     169 |   0.0 |  8210
               +---------+---------+-------+---------+---------+-------+---------
           D:1 |       0 |      23 |   0.0 |       0 |      16 |   0.0 |   487
           D:2 |       0 |      34 |   0.0 |       0 |      14 |   0.0 |   818
           D:3 |       0 |     384 |   0.0 |       0 |      33 |   0.0 |  1524
           D:4 |       0 |     411 |   0.0 |       0 |      23 |   0.0 |   854
           D:5 |       0 |     419 |   0.0 |       0 |       9 |   0.0 |  1116
           D:6 |       0 |    1679 |   0.0 |       0 |      37 |   0.0 |  2364
           D:7 |       0 |     226 |   0.0 |       0 |       6 |   0.0 |   305
       Ossuary |       0 |     236 |   0.0 |       0 |      31 |   0.0 |   645
               +---------+---------+-------+---------+---------+-------+---------
